 Dungeon Crawl Stone Soup version 0.31.0-11-ge490571c62 (webtiles) character file.

Game seed: 1472128436664381324

127 qw the Ducker (level 4, 0/23 HPs)
             Began as a Spriggan Hunter on Feb 4, 2024.
             Succumbed to their own poison gas
             ... on level 2 of the Dungeon.
             The game lasted 00:00:32 (1143 turns).

qw the Ducker (Spriggan Hunter)                     Turns: 1143, Time: 00:00:32

Health: 0/23       AC:  2    Str:  7    XL:     4   Next: 85%
Magic:  5/5        EV: 20    Int: 10    God:
Gold:   187        SH:  0    Dex: 20    Spells: 3/3 levels left

rFire   . . .        a - +0 shortbow
rCold   . . .        (shield currently unavailable)
rNeg    . . .        c - +0 robe
rPois   .            (helmet restricted)
rElec   .            (no cloak)
rCorr   .            (gloves unavailable)
SInv    +            (boots unavailable)
Will    .....        (no amulet)
Stlth   ++           (no ring)
HPRegen 0.23/turn    (no ring)
MPRegen 0.09/turn

%: no passive effects
@: lethally poisoned (0 -> -1), very quick
A: very small, no large weapons, unfitting armour, see invisible, speed 3
a: no special abilities


You were on level 2 of the Dungeon.
You visited 1 branch of the dungeon, and saw 2 of its levels.

You collected 187 gold pieces.


Innate Abilities, Weirdness & Mutations

You are very small and have problems with some larger weapons.
You are too small for most types of armour.
You have supernaturally acute eyesight. (SInv)
You cover ground extremely quickly. (Speed+++)


   Skills:
 + Level 1.7 Fighting
 - Level 5.0 Ranged Weapons
 - Level 5.3 Dodging
 - Level 1.5 Stealth


You had 3 spell levels left.
You didn't know any spells.
Your spell library was empty.

Inventory:

Hand Weapons
 a - a +0 shortbow (weapon)
Armour
 c - a +0 robe (worn)
Potions
 e - a potion of resistance

Dungeon Overview and Level Annotations

Branches:
Dungeon (2/15)

Altars:
Ashenzari


Message History

You drop a potion of degeneration.
Done exploring.
What level of the Dungeon? (default 2, ? - help) Sorry, I don't know how to get there.
Enter note:
Enter note:
Enter note:
Enter note:
Enter note:
Enter note:
Enter note:
Enter note:
Enter note: You are engulfed in poison gas.
You are poisoned.
You feel very sick.
1132 ||| Stepping ~*~*~tactically~*~*~ (cloud).
You feel sick.
You see here a potion of degeneration.
There is a lethal amount of poison in your body!
You feel very sick.
There is a lethal amount of poison in your body!
You feel very sick.
There is a lethal amount of poison in your body!
You feel very sick.
There is a lethal amount of poison in your body!
You feel sick.
There is a lethal amount of poison in your body!
You feel sick.
There is a lethal amount of poison in your body!
You feel sick.
There is a lethal amount of poison in your body!
You feel sick.
There is a lethal amount of poison in your body!
You feel sick.
There is a lethal amount of poison in your body!
You feel sick.
There is a lethal amount of poison in your body!
You feel sick.
There is a lethal amount of poison in your body!
You die...

#..#####...................#
#....############..........#
###...### ##0#.##.#####
####....###### #0.#.##.#
#............###0##0##.#
..###...####.##00#.0##.## .##
#.#.# #0#0.¤0.###..# #####.#.##
#.00000.0###.#
.........###..00@0000##)#
.>.....<.#00¤.¤¤00....00#########
.........#0#00¤.0.0.0#0)........#
.........#.#0..00000.#..........#
.........#.#.........#..........#
###.......00¤¤.00.0.0#..........#
..#...##.0.#0.0.0000.#..........#
#........0.00..00).0.0.......)..#
##.....^............(###....#..##


There were no monsters in sight!

Vanquished Creatures
  Jessica (D:2)
  2 adders (D:2)
  4 gnolls (D:2)
  A dart slug (D:1)
  5 ball pythons
  4 bats
  7 endoplasms
  3 giant cockroaches
  2 goblins (D:1)
  A hobgoblin (D:1)
  2 kobolds (D:2)
  3 quokkas
  4 frilled lizards
  3 rats
42 creatures vanquished.

Notes
Turn   | Place    | Note
-------+----------+-------------------------------------------
     0 | D:1      | qw the Spriggan Hunter began the quest for the Orb.
     0 | D:1      | Reached XP level 1. HP: 10/10 MP: 2/2
     0 | D:1      | 0 ||| qw: Version: 0.3-a-160-g6735b56
     0 | D:1      | 0 ||| qw: Game counter: 5872
     0 | D:1      | 0 ||| qw: Melee chars always use a shield: true
     0 | D:1      | 0 ||| qw: God list: Okawaru
     0 | D:1      | 0 ||| qw: Allow faded altars: false
     0 | D:1      | 0 ||| qw: Do Orc after clearing Dungeon:15 true
     0 | D:1      | 0 ||| qw: Do second Lair branch before Depths: true
     0 | D:1      | 0 ||| qw: Lair rune preference: random
     0 | D:1      | 0 ||| qw: Goals: Normal
     0 | D:1      | 0 ||| PLANNING D:1-11
     6 | D:1      | Reached skill level 3 in Dodging
    40 | D:1      | Reached XP level 2. HP: 14/14 MP: 3/3
   664 | D:1      | 664 ||| READING 3 scrolls labelled ERUF WAEZXU.
   664 | D:1      | 664 ||| IDENTIFYING fizzy pink potion
   665 | D:1      | 665 ||| READING 2 scrolls of identify.
   665 | D:1      | 665 ||| IDENTIFYING murky emerald potion
   666 | D:1      | 666 ||| READING scroll of identify.
   666 | D:1      | 666 ||| IDENTIFYING scroll labelled DUQACW OMUTTU
   667 | D:1      | 667 ||| DROPPING scroll of butterflies.
   668 | D:1      | 668 ||| DROPPING scroll of noise.
   669 | D:1      | 669 ||| DROPPING potion of attraction.
   729 | D:2      | Reached XP level 3. HP: 10/18 MP: 4/4
   936 | D:2      | 936 ||| RETREEEEATING.
   938 | D:2      | 938 ||| RETREEEEATING.
   945 | D:2      | Reached XP level 4. HP: 22/22 MP: 5/5
   967 | D:2      | Found a broken altar of Ashenzari.
   969 | D:2      | Noticed Jessica
   971 | D:2      | Killed Jessica
  1128 | D:2      | 1128 ||| READING scroll of identify.
  1128 | D:2      | 1128 ||| IDENTIFYING black potion
  1129 | D:2      | 1129 ||| READING scroll labelled DUTSAT FEQITRU.
  1130 | D:2      | 1130 ||| DROPPING potion of degeneration.
  1132 | D:2      | 1132 ||| Stepping ~*~*~tactically~*~*~ (cloud).
  1136 | D:2      | HP: 5/23 [poisoned by you (poison gas)]
  1140 | D:2      | HP: 2/23 [poisoned by you (poison gas)]
  1143 | D:2      | Succumbed to their own poison gas

Levels and vault maps discovered:
D:1:      amcnicky_arrival_single_pillar, layout_rooms, moated_statue,
          dreamdust_wishing_well, dreamdust_mushroom_princess,
          nicolae_hexahallways
D:2:      layout_rooms, basic_altar, uniq_jessica

Skill      XL: |  1  2  3  4 |
---------------+-------------+-----
Dodging        | 3 4 5 |  5.3
Ranged Weapons | 5 |  5.0
Fighting       | |  1.7
Stealth        | |  1.5

Action                     |  1- 3 |  4- 6 || total
---------------------------+-------+-------++-------
   Fire: Shortbow          |    83 |    21 ||   104
    Use: Scroll            |     3 |     2 ||     5
 Armour: Robe              |     9 |       ||     9
  Dodge: Dodged            |    18 |     6 ||    24

Table legend:
 A = Non-vault XP
 B = Vault XP
 C = Vault XP percentage of total XP
 D = Non-vault monster count
 E = Vault monster count
 F = Vault count percentage of total count
                 A         B        C        D         E       F
            +---------+---------+-------+---------+---------+-------
      Total |     145 |      37 |  20.3 |      41 |       1 |   2.4
            +---------+---------+-------+---------+---------+-------
        D:1 |      35 |       0 |   0.0 |      19 |       0 |   0.0
        D:2 |     110 |      37 |  25.2 |      22 |       1 |   4.3
            +---------+---------+-------+---------+---------+-------
